 Dungeon Crawl Stone Soup version 0.22-a0-565-gfc6459a (webtiles) character file.

18 iamserjio the Charmwright (level 2, -2/25 HPs)
             Began as a Draconian Skald on June 28, 2018.
             Slain by a quokka (4 damage)
             ... on level 1 of the Dungeon.
             The game lasted 00:02:16 (414 turns).

iamserjio the Charmwright (Draconian Skald)          Turns: 414, Time: 00:02:16

Health: -2/25      AC:  4    Str: 13    XL:     2   Next: 48%
Magic:  5/5        EV: 12    Int: 13    God:
Gold:   107        SH:  0    Dex: 10    Spells: 4/5 levels left

rFire    . . .     SeeInvis .   d - +0 mace
rCold    . . .     Gourm    .   (no shield)
rNeg     . . .     Faith    .   (armour unavailable)
rPois    .         Spirit   .   (helmet restricted)
rElec    .         Reflect  .   (no cloak)
rCorr    .         Harm     .   (no gloves)
MR       .....                  (no boots)
Stlth    +.........             (no amulet)
HPRegen  0.08/turn              (no ring)
MPRegen  0.09/turn              (no ring)

@: no status effects
A: unfitting armour, cold-blooded, AC +4
a: no special abilities


You were on level 1 of the Dungeon.
You were not hungry.

You visited 1 branch of the dungeon, and saw 2 of its levels.

You collected 107 gold pieces.

Inventory:

Hand Weapons
 d - a +0 mace (weapon)
Jewellery
 f - a +2 ring of intelligence {unknown}
Scrolls
 a - 2 scrolls of teleportation {unknown}
 c - a scroll of random uselessness {unknown}
 e - a scroll of enchant weapon {unknown}
Comestibles
 b - a ration


   Skills:
 + Level 2.5 Fighting
 - Level 2.1 Dodging
 * Level 2.6 Unarmed Combat
 - Level 2.0 Spellcasting
 + Level 2.9 Charms


You had 4 spell levels left.
You knew the following spells:

 Your Spells              Type           Power        Failure   Level  Hunger
a - Infusion              Chrm           #...         8%          1    ##.....

Your spell library contained the following spells:

 Spells                   Type           Power        Failure   Level  Hunger
 Regeneration             Chrm/Necr      #.........   38%         3    ####...
 Shroud of Golubria       Chrm/Tloc      #.........   22%         2    ###....
 Song of Slaying          Chrm           #.......     12%         2    ###....
 Spectral Weapon          Hex/Chrm       #.......     38%         3    ####...


Dungeon Overview and Level Annotations

Branches:
Dungeon (2/15)

Altars:

Annotations:
D:2 Robin


Innate Abilities, Weirdness & Mutations

Your plain brown scales are hard. (AC +4)
You cannot fit into any form of body armour.
You are cold-blooded and may be slowed by cold attacks.


Message History

The dart slug launches a dart at you. The slug dart hits you!
The quokka bites you.
You hit the dart slug.
The dart slug is heavily wounded.
The quokka barely misses you. The dart slug launches a dart at you.
The slug dart hits you!
* * * LOW HITPOINT WARNING * * *
The quokka bites you.
* * * LOW HITPOINT WARNING * * *
You hit the dart slug.
The dart slug is severely wounded.
The quokka bites you.
* * * LOW HITPOINT WARNING * * *
The dart slug bites you but does no damage.
You completely miss the dart slug.
The dart slug is severely wounded.
The quokka bites you but does no damage.
The dart slug closely misses you. The quokka bites you.
You die...

#####.#######
#...........#
#.###.#####.#
# #)# #.# .#
#.# #†###.#
#.# #>#...
#.# ##.#.#
#.## #...r#
#..#.).#w@#
##.#.#...##
#.#.##.##
#.####.#.##.#
#...........#
######.#.####
#.#.# .#
#.#.# ##.
#.#.# #..


You could see a dart slug and a quokka.

Vanquished Creatures
  4 bats (D:1)
  5 goblins (D:1)
  2 hobgoblins (D:1)
  2 kobolds (D:1)
  A frilled lizard (D:1)
  3 rats (D:1)
17 creatures vanquished.

Vanquished Creatures (others)
  A goblin (D:2)
1 creature vanquished.

Grand Total: 18 creatures vanquished

Notes
Turn   | Place    | Note
-------+----------+-------------------------------------------
     0 | D:1      | iamserjio the Draconian Skald began the quest for the Orb.
     0 | D:1      | Reached XP level 1. HP: 17/17 MP: 3/3
   169 | D:1      | Reached XP level 2. HP: 22/25 MP: 0/5
   403 | D:2      | Noticed Robin
   414 | D:1      | Slain by a quokka

Vault maps used:
D:1:      dpeg_arrival_radiant, item_on_display_a
D:2:      evilmike_ruin_ashenzari, uniq_robin, uniq_natasha

Action                   || total
-------------------------++-------
Melee: Unarmed           ||    38
       Mace              ||    16
       Tailslap          ||     4
 Cast: Infusion          ||     1
 Stab: Sleeping          ||     1
Armor: Skin              ||    38
Dodge: Dodged            ||    62

Table legend:
 A = Spawn XP
 B = Non-spawn XP
 C = Spawn XP percentage of total XP
 D = Spawn monster count
 E = Non-spawn monster count
 F = Spawn count percentage of total count
 G = Total turns spent on level
                    A         B        C        D         E        F      G
               +---------+---------+-------+---------+---------+-------+---------
         Total |       0 |      26 |   0.0 |       0 |      17 |   0.0 |   414
               +---------+---------+-------+---------+---------+-------+---------
           D:1 |       0 |      26 |   0.0 |       0 |      17 |   0.0 |   411
               +---------+---------+-------+---------+---------+-------+---------
